 Dungeon Crawl Stone Soup version 0.30-b1-2-g02819fbbbe (webtiles) character file.

Game seed: 7356509465117106803

844 Metae the Shield-Bearer (level 7, 0/52 (62) HPs)
             Began as a Minotaur Fighter on July 3, 2023.
             Killed from afar by Eustachio (6 damage)
             ... with a puff of flame
             ... on level 5 of the Dungeon.
             The game lasted 00:09:14 (4751 turns).

Metae the Shield-Bearer (Minotaur Fighter)          Turns: 4751, Time: 00:09:15

HP:   0/52 (62)     AC: 12    Str: 22      XL:     7   Next: 68%
MP:   6/6           EV: 10    Int:  5      God:
Gold: 194           SH:  4    Dex:  8 (10) Spells: 6/6 levels left

rFire   . . .        a - +0 rapier
rCold   . . .        c - +0 buckler
rNeg    . . .        q - +0 scale mail
rPois   .            F - +2 hat
rElec   .            i - +2 cloak
rCorr   .            (no gloves)
SInv    .            (no boots)
Will    +....        (no amulet) Stlth
                     w - ring of willpower
HPRegen 0.28/turn    x - ring of flight
MPRegen 0.10/turn

%: no passive effects
@: flying, heavily drained
A: horns 2, retaliatory headbutt
a: no special abilities


You were on level 5 of the Dungeon.
You visited 1 branch of the dungeon, and saw 5 of its levels.
You also visited: Sewer.

You collected 194 gold pieces.

Inventory:

Hand Weapons
 a - a +0 rapier (weapon)
 b - the +0 sling of Seokk {speed, rC+ Stlth+}
   (You found it on level 2 of the Dungeon)

   rC:        It protects you from cold.
   Stlth:     It makes you more stealthy.
Missiles
 e - 3 curare-tipped darts
 h - 13 poisoned darts (quivered)
 s - 20 stones
Armour
 c - a +0 buckler (worn)
 i - a +2 cloak (worn)
 q - a +0 scale mail (worn)
 F - a +2 hat (worn)
Jewellery
 t - an amulet of faith
 w - a ring of willpower (left hand)
 x - a ring of flight (right hand)
 y - a ring of positive energy
Scrolls
 f - a scroll of brand weapon
 g - a scroll of amnesia
 m - 3 scrolls of magic mapping {unknown}
 n - a scroll of teleportation {unknown}
 p - 2 scrolls of blinking
 r - a scroll of enchant armour {unknown}
 A - a scroll of fog {unknown}
 C - a scroll of acquirement {unknown}
 E - a scroll of identify
 G - a scroll of enchant weapon {unknown}
Potions
 d - 2 potions of might
 j - 2 potions of heal wounds {unknown}
 k - a potion of magic {unknown}
 l - 2 potions of curing
 o - a potion of flight {unknown}
 u - a potion of attraction {unknown}
 v - a potion of cancellation {unknown}
 z - 2 potions of lignification {unknown}
 B - a potion of haste {unknown}
 D - a potion of resistance {unknown}


   Skills:
 + Level 5.8 Fighting
 + Level 4.6 Short Blades
 + Level 5.8 Armour
 + Level 4.1 Dodging
 + Level 5.9 Shields


You had 6 spell levels left.
You didn't know any spells.
Your spell library contained the following spells:

 Spells                   Type           Power      Damage    Failure   Level
 Gell's Gravitas          Tloc           0%         N/A       99%         3
 Teleport Other           Tloc           0%         N/A       99%         3
 Dispersal                Tloc           0%         N/A       100%        6


Dungeon Overview and Level Annotations

Branches:
Dungeon (5/15)              Sewer (visited)
 Temple: D:4-7

Altars:

Annotations:
D:4 3 runed translucent doors, MartinW's ghost, amateur GrFi
D:5 Eustachio


Innate Abilities, Weirdness & Mutations

You have a pair of horns on your head.
You reflexively headbutt those who attack you in melee.


Message History

You closely miss Eustachio. Your headbutt misses Eustachio.
Eustachio is severely wounded.
The quasit disappears in a puff of smoke!
The bat barely misses you.
The quokka bites you but does no damage.
The crimson imp hits you but does no damage.
The quokka bites you but does no damage.
Eustachio gestures wildly while chanting.
The bat closely misses you. You furiously retaliate!
You headbutt the bat, but do no damage. You hit Eustachio.
Eustachio is severely wounded.
The bat disappears in a puff of smoke!
The quokka disappears in a puff of smoke!
The crimson imp hits you but does no damage.
The quokka barely misses you. You block the quokka's attack.
Eustachio closely misses you. The white imp barely misses you.
You hit Eustachio. You headbutt Eustachio.
Eustachio is almost dead.
The crimson imp disappears in a puff of smoke!
The quokka barely misses you. The quokka bites you.
* * * LOW HITPOINT WARNING * * *
Eustachio hits you but does no damage.
You feel drained. The white imp hits you.
* * * LOW HITPOINT WARNING * * *
The white imp freezes you.
* * * LOW HITPOINT WARNING * * *
You hit Eustachio. Your headbutt misses Eustachio.
Eustachio is almost dead.
The quokka bites you but does no damage. x2
Eustachio closely misses you.
You feel better.
The white imp laughs crazily.
The white imp closely misses you. You furiously retaliate!
You headbutt the white imp. The quokka bites you.
* * * LOW HITPOINT WARNING * * *
The quokka closely misses you.
Eustachio says, "Summoning is fun!"
Eustachio zaps a wand.
The puff of flame hits you.
You die...

##.$ #..# ###.#
####...# ###......##
#...#.....# ###.....#
##.[.5..# ##.......##
##.....@r###.........#
##......r@b##.........#
#.......#r.##.........#
#......###..#.........#
#.....## #..#.........#
#...### ##..#........#
##.## #..#........# ###
#...#.......#
##..#....††.#


You could see Eustachio, a white imp (summoned), 3 quokkas and a bat (summoned).

Vanquished Creatures
  A water moccasin (D:5)
  An ice beast (D:4)
  Pargi (Sewer)
  A black bear (D:4)
  A sky beast (D:4)
  2 scorpions
  A howler monkey (D:4)
  Natasha (thrice) (D:4)
  An iguana (D:4)
  6 adders
  3 worms
  2 dart slugs
  4 endoplasms
  A giant cockroach (D:4)
  6 goblins
  5 hobgoblins
  11 jackals
  5 quokkas
  5 ball pythons
  3 bats
  8 frilled lizards
  3 kobolds
  7 rats
81 creatures vanquished.

Notes
Turn   | Place    | Note
-------+----------+-------------------------------------------
     0 | D:1      | Metae the Minotaur Fighter began the quest for the Orb.
     0 | D:1      | Reached XP level 1. HP: 19/19 MP: 0/0
   139 | D:1      | Reached XP level 2. HP: 27/27 MP: 1/1
  1350 | D:2      | Reached skill level 1 in Dodging
  1511 | D:2      | Reached XP level 3. HP: 21/33 MP: 2/2
  1567 | D:2      | Identified the +0 sling of Seokk {speed, rC+ Stlth+}
  1921 | D:2      | Found a faded altar of an unknown god.
  2359 | D:3      | Reached XP level 4. HP: 40/40 MP: 3/3
  2568 | D:3      | Noticed a scorpion
  2571 | D:3      | Killed a scorpion
  2817 | D:3      | Reached XP level 5. HP: 47/47 MP: 4/4
  3061 | D:4      | Noticed a sky beast
  3096 | D:4      | Killed a sky beast
  3242 | D:4      | Reached XP level 6. HP: 30/55 MP: 5/5
  3261 | D:4      | Noticed Natasha
  3279 | D:4      | Killed Natasha
  3280 | D:4      | Reached skill level 5 in Fighting
  3280 | D:4      | Reached skill level 5 in Armour
  3280 | D:4      | Reached skill level 5 in Shields
  3340 | D:4      | Noticed Natasha
  3349 | D:4      | Killed Natasha
  3351 | D:4      | Noticed Natasha
  3367 | D:4      | Killed Natasha
  3441 | D:4      | Found a glowing drain.
  3482 | Sewer    | Entered a sewer
  3512 | Sewer    | Noticed Pargi
  3537 | Sewer    | Killed Pargi
  3908 | D:4      | Noticed an ice beast
  3925 | D:4      | Killed an ice beast
  3926 | D:4      | Reached XP level 7. HP: 47/61 MP: 6/6
  4041 | D:4      | Found a runed translucent gate.
  4041 | D:4      | Noticed MartinW's ghost (amateur GrFi)
  4042 | D:4      | Found a runed translucent gate.
  4043 | D:4      | Found a runed translucent gate.
  4045 | D:4      | Identified the +0 hand axe "Ycobuire" {freeze, Will+ Dex+5
                  | Stlth-}
  4335 | D:4      | Identified the +1 ring mail of the Serpent {rF+}
  4449 | D:5      | Entered Level 5 of the Dungeon
  4698 | D:5      | Noticed Eustachio
  4751 | D:5      | Killed from afar by Eustachio

Illustrated notes

Levels and vault maps discovered:
D:1:      dpeg_arrival_solitude, layout_basic, hangedman_decor_slide_cut,
          hex_intersection, kennysheep_nondescript
D:2:      kennysheep_six_static_rooms, layout_rooms,
          ebering_ecumenical_altar_box, chequers_jeans
D:3:      layout_loops_corners, corner_web_ring
D:4:      layout_gridville, portal_sewer_entry_a, biasface_ghost_orc_armoury,
          uniq_natasha
D:5:      layout_cave_pods, chequers_serial_rivers_room_a, uniq_eustachio

Skill      XL: |  1  2  3  4  5  6  7 |
---------------+----------------------+-----
Dodging        | 1 2 3 4 |  4.1
Shields        | 4 5 |  5.9
Fighting       | 4 5 |  5.8
Armour         | 4 5 |  5.8
Short Blades   | 3 4 |  4.6

Action                     |  1- 3 |  4- 6 |  7- 9 || total
---------------------------+-------+-------+-------++-------
  Melee: Rapier            |   112 |   161 |    60 ||   333
         Headbutt          |     9 |    26 |    13 ||    48
   Fire: Sling             |       |       |     8 ||     8
    Use: Scroll            |       |     3 |       ||     3
         Potion            |       |       |     2 ||     2
 Armour: Scale mail        |    50 |   114 |    89 ||   253
  Dodge: Dodged            |    52 |    96 |    88 ||   236
  Block: Buckler           |    22 |    43 |    39 ||   104
